 Dungeon Crawl Stone Soup version 0.24-a0-446-g87df720 (webtiles) character file.

Game seed: 12936175113915780074

1524 AlmondAAA the Chopper (level 8, -4/67 HPs)
             Began as a Gnoll Chaos Knight on June 24, 2019.
             Was a Plaything of Xom.
             Slain by an ice beast (9 damage)
             ... on level 7 of the Dungeon.
             The game lasted 00:11:06 (5309 turns).

AlmondAAA the Chopper (Gnoll Chaos Knight)          Turns: 5309, Time: 00:11:06

Health: -4/67      AC: 11    Str: 15    XL:     8   Next: 84%
Magic:  0/13       EV: 14    Int: 16    God:    Xom [*.....]
Gold:   323        SH:  0    Dex: 15    Spells: 8/14 levels left

rFire    . . .     SeeInvis .   a - +1 hand axe (chaos)
rCold    . . .     Gourm    .   (no shield)
rNeg     . . .     Faith    .   b - +2 leather armour
rPois    .         Spirit   +   g - +0 hat
rElec    .         Reflect  .   A - +0 cloak
rCorr    .         Harm     .   q - +1 pair of gloves
MR       +....                  h - +1 pair of boots
Stlth    ++........             x - amulet of guardian spirit
HPRegen  0.21/turn              z - ring of protection from magic
MPRegen  0.13/turn              (no ring)

@: lethally poisoned (-4 -> -6)
A: distributed training, fangs 1, horns 1, sense surroundings 1, strong nose
a: Renounce Religion


You were on level 7 of the Dungeon.
You worshipped Xom.
You were a special plaything of Xom.
You were not hungry.

You visited 1 branch of the dungeon, and saw 7 of its levels.
You also visited: Ossuary.

You collected 323 gold pieces.

Inventory:

Hand Weapons
 a - a +1 hand axe of chaos (weapon)
 y - a +3 quarterstaff of chaos
 B - a +3 dagger
Missiles
 i - 232 stones (quivered)
 w - 2 atropa-tipped darts
Armour
 b - a +2 leather armour (worn)
 g - a +0 hat (worn)
 h - a +1 pair of boots (worn)
 q - a +1 pair of gloves (worn)
 s - a +0 ring mail
 A - a +0 cloak (worn)
Jewellery
 x - an amulet of guardian spirit (around neck)
 z - a ring of protection from magic (left hand)
Wands
 o - a wand of flame (20)
Scrolls
 d - 4 scrolls of fear
 f - a scroll of amnesia
 j - a scroll of teleportation
 k - 8 scrolls of remove curse
 n - 2 scrolls of blinking
 p - a scroll of enchant armour
 u - a scroll of identify
 C - a scroll of immolation
Potions
 e - a potion of cancellation
 l - 2 potions of flight
 m - a potion of haste
 r - 3 potions of magic
 t - 4 potions of curing
 v - 2 potions of agility {unknown}
 D - 3 potions of might {unknown}
 E - 2 potions of heal wounds
 F - a potion of lignification {unknown}
Comestibles
 c - 15 rations


   Skills:
 + Level 7.5 Fighting
 + Level 3.5 Short Blades
 + Level 3.5 Long Blades
 + Level 7.5 Axes
 + Level 3.5 Maces & Flails
 + Level 3.5 Polearms
 + Level 3.5 Staves
 + Level 3.5 Slings
 + Level 3.5 Bows
 + Level 3.5 Crossbows
 + Level 3.5 Throwing
 + Level 5.8 Armour
 + Level 4.4 Dodging
 + Level 3.5 Stealth
 + Level 3.5 Shields
 + Level 3.5 Unarmed Combat
 + Level 3.5 Spellcasting
 + Level 2.9 Conjurations
 + Level 2.9 Hexes
 + Level 2.9 Charms
 + Level 2.9 Summonings
 + Level 2.9 Necromancy
 + Level 2.9 Translocations
 + Level 2.9 Transmutations
 + Level 2.9 Fire Magic
 + Level 2.9 Ice Magic
 + Level 2.9 Air Magic
 + Level 2.9 Earth Magic
 + Level 2.9 Poison Magic
 + Level 3.9 Invocations
 + Level 3.5 Evocations


You had 8 spell levels left.
You knew the following spells:

 Your Spells              Type           Power        Failure   Level  Hunger
a - Cause Fear            Hex            ##........   54%         4    ####...
b - Slow                  Hex            ##......     10%         2    ##.....

Your spell library contained the following spells:

 Spells                   Type           Power        Failure   Level  Hunger
 Corona                   Hex            ##.....      6%          1    None
 Inner Flame              Hex/Fire       ##......     19%         3    ###....
 Portal Projectile        Hex/Tloc       ##....       19%         3    ###....
 Leda's Liquefaction      Hex/Erth       ##........   54%         4    ####...


Dungeon Overview and Level Annotations

Branches:
Dungeon (7/15)             Temple (0/1) D:4

Altars:
Cheibriados
Fedhas
Nemelex Xobeh
Okawaru
Qazlal
Vehumet
Xom

Annotations:
D:2 exclusion: glowing shapeshifter


Innate Abilities, Weirdness & Mutations

Your experience applies equally to all skills.
You have very sharp teeth.
Your uncanny sense of smell can sniff out nearby items.
You have a pair of small horns on your head.
You passively map a small area around you.


Message History

You feel sick.
There is an open door here.
You feel sick.
You feel sick.
You feel sick.
You feel sick.
You feel sick.
You feel sick.
A hungry ghost comes into view.
You feel sick.
Something closely misses you. "Forecast: mostly cloudy."
Something barely misses you. Something bites you.
* * * LOW HITPOINT WARNING * * *
There is a stone staircase leading up here.
Unknown command.
You are engulfed in seething chaos.
You feel sick. Something hits you.
* * * LOW HITPOINT WARNING * * *
Something freezes you!
You die...
Xom chortles!

* * , ,
#........... , ∆
#............ ,
,,#............
#####............ ,
.................
,,
..................
..................
........@.........
.........(....⌠.⌠.
........g......_..
, ,
..............⌠.⌠.
,
,.........)...Z....
*
#####........W....
, #............. ,
#............. ,
,######.....### *


You could see a hungry ghost, a gnoll and an adder zombie (wandering).

Vanquished Creatures
  Sigmund (D:6)
  A wraith (Ossuary)
  Edmund (D:4)
  2 ogres
  2 centaurs
  4 howler monkeys
  A crimson imp (D:5)
  A jelly (D:5)
  A hound (D:2)
  Crazy Yiuf (D:3)
  A centaur skeleton (D:5)
  2 iguanas
  5 worker ants
  An orc wizard (D:5)
  A hound skeleton (D:4)
  A mummy (Ossuary)
  A worker ant zombie (D:6)
  3 gnolls (D:7)
  7 adders
  A howler monkey skeleton (D:4)
  A shadow imp (D:3)
  An ooze (D:4)
  4 worms
  A dart slug (D:3)
  3 leopard geckos
  6 orcs
  5 giant cockroaches
  11 goblins
  8 hobgoblins
  7 jackals (D:3)
  5 quokkas
  8 bats
  2 frilled lizards
  7 gnoll skeletons (Ossuary)
  8 kobolds
  5 kobold skeletons (Ossuary)
  A leopard gecko zombie (D:5)
  13 orc skeletons (Ossuary)
  A quokka skeleton (D:4)
  3 rats
138 creatures vanquished.

Vanquished Creatures (others)
  An orc wizard (D:5)
  A kobold (D:2)
2 creatures vanquished.

Grand Total: 140 creatures vanquished

Notes
Turn   | Place    | Note
-------+----------+-------------------------------------------
     0 | D:1      | AlmondAAA the Gnoll Chaos Knight began the quest for the
                  | Orb.
     0 | D:1      | Reached XP level 1. HP: 23/23 MP: 1/1
     7 | D:1      | Noticed a killer bee
     7 | D:1      | Noticed a hound
     7 | D:1      | Noticed a water moccasin
     7 | D:1      | Noticed a lindwurm
     7 | D:1      | Noticed a six-headed hydra
   223 | D:1      | XOM: divination: detect creatures
   226 | D:1      | Reached XP level 2. HP: 29/29 MP: 2/2
   264 | D:1      | XOM: scenery: 2 doors open
   459 | D:1      | XOM: 1-stop teleportation journey
   605 | D:2      | Found a blossoming altar of Fedhas.
   789 | D:2      | Found an iron altar of Okawaru.
   848 | D:2      | Noticed a glowing shapeshifter
   848 | D:2      | a hobgoblin changed into a glowing shapeshifter
   848 | D:2      | XOM: polymorph hobgoblin -> glowing shapeshifter
   867 | D:2      | Reached XP level 3. HP: 31/35 MP: 3/3
  1263 | D:2      | Reached skill level 1 in Short Blades
  1263 | D:2      | Reached skill level 1 in Long Blades
  1263 | D:2      | Reached skill level 1 in Maces & Flails
  1263 | D:2      | Reached skill level 1 in Polearms
  1263 | D:2      | Reached skill level 1 in Staves
  1263 | D:2      | Reached skill level 1 in Slings
  1263 | D:2      | Reached skill level 1 in Bows
  1263 | D:2      | Reached skill level 1 in Crossbows
  1263 | D:2      | Reached skill level 1 in Throwing
  1263 | D:2      | Reached skill level 1 in Stealth
  1263 | D:2      | Reached skill level 1 in Shields
  1263 | D:2      | Reached skill level 1 in Unarmed Combat
  1263 | D:2      | Reached skill level 1 in Spellcasting
  1263 | D:2      | Reached skill level 1 in Invocations
  1263 | D:2      | Reached skill level 1 in Evocations
  1263 | D:2      | Reached XP level 4. HP: 41/41 MP: 5/5
  1487 | D:3      | Reached skill level 1 in Conjurations
  1487 | D:3      | Reached skill level 1 in Hexes
  1487 | D:3      | Reached skill level 1 in Charms
  1487 | D:3      | Reached skill level 1 in Summonings
  1487 | D:3      | Reached skill level 1 in Necromancy
  1487 | D:3      | Reached skill level 1 in Translocations
  1487 | D:3      | Reached skill level 1 in Transmutations
  1487 | D:3      | Reached skill level 1 in Fire Magic
  1487 | D:3      | Reached skill level 1 in Ice Magic
  1487 | D:3      | Reached skill level 1 in Air Magic
  1487 | D:3      | Reached skill level 1 in Earth Magic
  1487 | D:3      | Reached skill level 1 in Poison Magic
  1599 | D:3      | XOM: summons 2 hostile demons
  1684 | D:3      | XOM: cloud trail
  1722 | D:3      | Reached XP level 5. HP: 42/47 MP: 6/6
  1868 | D:3      | Found a radiant altar of Vehumet.
  2052 | D:3      | XOM: scenery: create altars
  2098 | D:3      | Found a runed translucent door.
  2099 | D:3      | Noticed Crazy Yiuf
  2300 | D:3      | XOM: scenery: create altars
  2453 | D:3      | XOM: butterfly on damage
  2459 | D:3      | Killed Crazy Yiuf
  2459 | D:3      | Reached XP level 6. HP: 49/53 MP: 4/8
  2554 | D:4      | Found a staircase to the Ecumenical Temple.
  2583 | D:4      | Found a snail-covered altar of Cheibriados.
  2653 | D:4      | Noticed Edmund
  2659 | D:4      | XOM: blink monster(s)
  2665 | D:4      | XOM: smoke on damage
  2672 | D:4      | HP: 1/53 [adder (4)]
  2673 | D:4      | Killed Edmund
  2673 | D:4      | Reached skill level 5 in Armour
  2946 | D:4      | XOM: divination: detect creatures
  3381 | D:4      | XOM: medium Tmut miscast
  3447 | D:5      | Entered Level 5 of the Dungeon
  3451 | D:5      | Reached XP level 7. HP: 58/59 MP: 8/10
  3533 | D:5      | XOM: scenery: create altars
  3541 | D:5      | Found an iron altar of Okawaru.
  3680 | D:5      | Found a sand-covered staircase.
  3725 | Ossuary  | Entered an ossuary
  3725 | Ossuary  | Noticed a wraith
  3725 | Ossuary  | Noticed a wraith
  3725 | Ossuary  | Noticed a wraith
  3851 | Ossuary  | Noticed a wraith
  3946 | Ossuary  | XOM: fog
  3967 | Ossuary  | Killed a wraith
  3967 | Ossuary  | Reached XP level 8. HP: 25/67 MP: 4/12
  4394 | D:5      | XOM: harmless Summ miscast
  4637 | D:6      | Found a stormy altar of Qazlal.
  4763 | D:6      | XOM: scenery: 2 doors open, 1 doors close
  4786 | D:6      | XOM: silly message
  5081 | D:6      | Learned a level 4 spell: Cause Fear
  5084 | D:6      | Learned a level 2 spell: Slow
  5144 | D:6      | Noticed Sigmund
  5156 | D:6      | XOM: noise
  5157 | D:6      | Killed Sigmund
  5158 | D:6      | XOM: summons 3 hostile demons
  5199 | D:6      | XOM: harmless Tloc miscast
  5248 | D:6      | XOM: give mutations
  5248 | D:6      | Gained mutation: You have a pair of small horns on your
                  | head. [Xom's grace]
  5248 | D:6      | Gained mutation: You passively map a small area around you.
                  | [Xom's grace]
  5252 | D:7      | Found a sparkling altar of Nemelex Xobeh.
  5308 | D:7      | XOM: chaos cloud
  5309 | D:7      | Slain by an ice beast

Levels and vault maps discovered:
D:1:      onia_arrival_zoo_common, layout_basic, minmay_misc_feat_room
D:2:      layout_basic, fedhas_altar_2, nicolae_overflow_crystal_walls,
          kennysheep_generic_room_7
D:3:      minmay_razor_zed, layout_loops_ring, vehumet_crystals,
          uniq_crazy_yiuf_cottage
D:4:      layout_rooms, overflow_temple_1_default, minmay_temple_entry_tees,
          hangedman_decor_push, minmay_door_square, kennysheep_pointless_box,
          kennysheep_crisscross, uniq_edmund
D:5:      layout_rooms, chequers_ossuary_entry_cave, first_ration,
          okawaru_trees_2
D:6:      layout_basic, nicolae_qazlal_general_emergency, uniq_sigmund
D:7:      layout_gridville, nemelex_xobeh_ov_fountains_minmay, grunt_ogre_cave

Skill      XL: |  1  2  3  4  5  6  7  8 |
---------------+-------------------------+-----
Short Blades   | 1 2 3 |  3.5
Long Blades    | 1 2 3 |  3.5
Maces & Flails | 1 2 3 |  3.5
Polearms       | 1 2 3 |  3.5
Staves         | 1 2 3 |  3.5
Slings         | 1 2 3 |  3.5
Bows           | 1 2 3 |  3.5
Crossbows      | 1 2 3 |  3.5
Throwing       | 1 2 3 |  3.5
Stealth        | 1 2 3 |  3.5
Shields        | 1 2 3 |  3.5
Unarmed Combat | 1 2 3 |  3.5
Spellcasting   | 1 2 3 |  3.5
Invocations    | 1 2 3 |  3.9
Evocations     | 1 2 3 |  3.5
Conjurations   | 1 2 |  2.9
Hexes          | 1 2 |  2.9
Charms         | 1 2 |  2.9
Summonings     | 1 2 |  2.9
Necromancy     | 1 2 |  2.9
Translocations | 1 2 |  2.9
Transmutations | 1 2 |  2.9
Fire Magic     | 1 2 |  2.9
Ice Magic      | 1 2 |  2.9
Air Magic      | 1 2 |  2.9
Earth Magic    | 1 2 |  2.9
Poison Magic   | 1 2 |  2.9
Dodging        | 3 4 |  4.4
Armour         | 5 |  5.8
Fighting       | 7 |  7.5
Axes           | 7 |  7.5

Action                   |  1- 3 |  4- 6 |  7- 9 || total
-------------------------+-------+-------+-------++-------
Melee: Hand axe          |    57 |   117 |    90 ||   264
       Bite              |     6 |    21 |    28 ||    55
       Quarterstaff      |       |    53 |   138 ||   191
       Headbutt          |       |       |     8 ||     8
       Punch             |       |       |     1 ||     1
Throw: Stone             |     5 |       |       ||     5
 Cast: Slow              |       |       |     2 ||     2
Evoke: Wand              |       |       |     5 ||     5
  Use: Scroll            |     4 |     6 |     9 ||    19
       Potion            |       |     1 |       ||     1
 Stab: Distracted        |     1 |       |       ||     1
       Sleeping          |     1 |     5 |     4 ||    10
       Confused          |       |     1 |       ||     1
       Petrified         |       |       |     2 ||     2
       Petrifying        |       |       |     1 ||     1
       Paralysed         |       |       |     3 ||     3
  Eat: Chunk             |     1 |     7 |     3 ||    11
       Ration            |       |       |     1 ||     1
Armor: Leather armour    |    17 |    54 |    71 ||   142
       Ring mail         |     5 |    14 |       ||    19
Dodge: Dodged            |    32 |   114 |   151 ||   297

Table legend:
 A = Non-vault XP
 B = Vault XP
 C = Vault XP percentage of total XP
 D = Non-vault monster count
 E = Vault monster count
 F = Vault count percentage of total count
                 A         B        C        D         E       F
            +---------+---------+-------+---------+---------+-------
      Total |    1459 |     719 |  33.0 |      94 |      46 |  32.9
            +---------+---------+-------+---------+---------+-------
        D:1 |      11 |       0 |   0.0 |       6 |       0 |   0.0
        D:2 |      83 |       2 |   2.4 |      16 |       1 |   5.9
        D:3 |     148 |      87 |  37.0 |      28 |      16 |  36.4
        D:4 |     102 |     166 |  61.9 |      11 |       1 |   8.3
        D:5 |     561 |       0 |   0.0 |      14 |       0 |   0.0
        D:6 |     303 |     212 |  41.2 |      12 |       1 |   7.7
        D:7 |     251 |       0 |   0.0 |       7 |       0 |   0.0
    Ossuary |       0 |     252 | 100.0 |       0 |      27 | 100.0
            +---------+---------+-------+---------+---------+-------
